[Event "Team 45 45 League T37"]
[Site "Internet Chess Club"]
[Date "2008.05.15"]
[Round "4"]
[White "Checkmates"]
[Black "Gail"]
[Result "1/2-1/2"]
[WhiteElo "2477"]
[BlackElo "2435"]
[Opening "QGD: Charousek (Petrosian) variation"]
[ECO "D31"]
[Time "10:54:50"]
[TimeControl "2700+45"]

1. d4 d5 2. c4 e6 3. Nc3 Be7 4. cxd5 exd5 5. Bf4 c6 6. e3 Bd6 7. Nge2 Ne7 8.
Bxd6 Qxd6 9. Ng3 O-O 10. Bd3 f5 11. Qc2 g6 12. Nge2 b6 13. O-O Ba6 14. Rfd1 Bxd3
15. Qxd3 Nd7 {Game drawn by mutual agreement} 1/2-1/2

[Event "Team 45 45 League T37"]
[Site "Internet Chess Club"]
[Date "2008.05.18"]
[Round "4"]
[White "nissehult"]
[Black "DTK"]
[Result "1/2-1/2"]
[WhiteElo "2038"]
[BlackElo "2157"]
[Opening "Benkö gambit half accepted"]
[ECO "A57"]
[Time "15:57:38"]
[TimeControl "2700+45"]

1. d4 Nf6 2. c4 c5 3. d5 b5 4. cxb5 a6 5. b6 d6 6. Nc3 g6 7. a4 Qxb6 8. e4 Bg7
9. a5 Qb4 10. Ra4 Qb7 11. Nf3 O-O 12. Be2 Bd7 13. Ra3 Bb5 14. Nd2 Bxe2 15. Qxe2
Nbd7 16. O-O Rfb8 17. Nc4 Ne8 18. Bg5 Kf8 19. Na4 Qb5 20. Qc2 Ra7 21. Nab6 Nxb6
22. axb6 Rab7 23. Ra5 Qd7 24. Rxa6 Qg4 25. Be3 Nf6 26. f3 Qc8 27. Qa4 Nd7 28.
Qc6 Ne5 29. Nxe5 Bxe5 30. b4 Bd4 31. Bxd4 cxd4 32. Rd1 Qd8 33. Rxd4 Rxb6 34.
Rxb6 Qxb6 35. Qxb6 Rxb6 36. Kf2 Ke8 37. Ke3 Kd7 38. Rc4 Ra6 39. Kd3 Ra3+ 40. Rc3
Ra4 41. Kc4 Ra2 42. Kb3 Rxg2 43. h4 Rh2 44. b5 Rxh4 45. b6 Rh1 46. Ka4 Rb1 47.
Ka5 h5 48. Ka6 h4 49. f4 f6 50. b7 g5 51. Rc6 h3 52. Rb6 Ra1+ 53. Kb5 Rb1+ 54.
Ka6 Ra1+ 55. Kb5 Rb1+ 56. Ka5 Ra1+ {Game drawn by mutual agreement} 1/2-1/2

[Event "Team 45 45 League T37"]
[Site "Internet Chess Club"]
[Date "2008.05.18"]
[Round "4"]
[White "Ser-Enigma"]
[Black "PandorasBox"]
[Result "1/2-1/2"]
[WhiteElo "2123"]
[BlackElo "2138"]
[Opening "French: advance, Paulsen attack"]
[ECO "C02"]
[Time "04:02:16"]
[TimeControl "2700+45"]

1. e4 e6 2. d4 d5 3. e5 c5 4. c3 Nc6 5. Nf3 Nge7 6. Na3 cxd4 7. cxd4 Nf5 8. Nc2
Be7 9. Bd3 Qb6 10. O-O Bd7 11. g4 Nh6 12. h3 Ng8 13. b4 a5 14. bxa5 Nxa5 15. Na3
Nc6 16. Rb1 Qa5 17. Nb5 Nb4 18. a4 Nxd3 19. Qxd3 Rc8 20. Ba3 Bxb5 21. Rxb5 Qxa4
22. Bxe7 Nxe7 23. Rxb7 Ng6 {Game drawn by mutual agreement} 1/2-1/2

[Event "Team 45 45 League T37"]
[Site "Internet Chess Club"]
[Date "2008.05.20"]
[Round "4"]
[White "Miles295"]
[Black "pestka"]
[Result "1-0"]
[WhiteElo "2169"]
[BlackElo "2228"]
[Opening "Sicilian: Nimzovich-Rossolimo attack (without ...d6)"]
[ECO "B30"]
[Time "15:24:30"]
[TimeControl "2700+45"]

1. e4 c5 2. Nf3 Nc6 3. Bb5 Qb6 4. Nc3 e6 5. Bxc6 Qxc6 6. d4 cxd4 7. Nxd4 Qc7 8.
O-O a6 9. Re1 d6 10. a4 Nf6 11. f4 Be7 12. e5 Nd7 13. Nf5 dxe5 14. Nxg7+ Kf8 15.
Nxe6+ fxe6 16. fxe5 Nxe5 17. Qh5 Ng6 18. Bh6+ Kg8 19. Ne4 Bd7 20. Rf1 Bc6 21.
Nf6+ Bxf6 22. Rxf6 Be4 23. Raf1 Rd8 24. Qg4 Bf5 25. R1xf5 Qb6+ 26. Kh1 exf5 27.
Qc4+ {Black resigns} 1-0

[Event "Team 45 45 League T37"]
[Site "Internet Chess Club"]
[Date "2008.05.16"]
[Round "4"]
[White "killer21"]
[Black "Petrozjan"]
[Result "1-0"]
[WhiteElo "2244"]
[BlackElo "2035"]
[Opening "French: Tarrasch, Guimard main line"]
[ECO "C04"]
[Time "14:04:07"]
[TimeControl "2700+45"]

1. e4 e6 2. d4 d5 3. Nd2 Nc6 4. Ngf3 Nf6 5. e5 Nd7 6. c3 f6 7. exf6 Qxf6 8. Bb5
Bd6 9. O-O O-O 10. Nb3 e5 11. Bxc6 bxc6 12. dxe5 Nxe5 13. Nxe5 Qxe5 14. f4 Qf6
15. Be3 Qh4 16. Qd2 Rf6 17. Nd4 Ba6 18. Rf2 Re8 19. Nxc6 Kh8 20. Ne5 Rf5 21.
Qxd5 Bxe5 22. fxe5 Rxf2 23. Bxf2 Qf4 24. Re1 Bc4 25. Qd4 Qf7 26. b3 Bd5 27. c4
Be6 28. Qxa7 Rf8 29. Bc5 Rd8 30. Rf1 Qd7 31. Qb7 h5 32. Qf3 Bg4 33. Qe3 Qc6 34.
h3 Bc8 35. Be7 Re8 36. Qg5 Bb7 37. Rf7 Qb6+ 38. c5 {Black resigns} 1-0

[Event "Team 45 45 League T37"]
[Site "Internet Chess Club"]
[Date "2008.05.16"]
[Round "4"]
[White "forketta"]
[Black "gezira"]
[Result "0-1"]
[WhiteElo "1978"]
[BlackElo "2239"]
[Opening "King's Indian: 6.Be2"]
[ECO "E91"]
[Time "10:19:37"]
[TimeControl "2700+45"]

1. d4 Nf6 2. c4 g6 3. Nc3 Bg7 4. e4 d6 5. Nf3 O-O 6. Be2 c5 7. d5 Re8 8. Nd2 a6
9. O-O Bd7 10. f4 e5 11. dxe6 Rxe6 12. e5 dxe5 13. Nde4 Nxe4 14. Nxe4 exf4 15.
Bf3 g5 16. Kh1 g4 17. Nxc5 gxf3 18. Nxe6 fxg2+ 19. Kxg2 fxe6 20. Bxf4 Qf6 21.
Qe2 Qg6+ 22. Kf2 Nc6 23. Rg1 Qf6 24. Qg4 Qxb2+ 25. Kg3 Nd4 26. Kh3 Ne2 27. Bh6
Qc3+ 28. Kh4 Qf6+ 29. Qg5 Qf2+ 30. Kg4 e5+ 31. Kh5 Qf3+ 32. Kh4 Qh3# {White
checkmated} 0-1

[Event "Team 45 45 League T37"]
[Site "Internet Chess Club"]
[Date "2008.05.17"]
[Round "4"]
[White "andreip"]
[Black "Elddir"]
[Result "1-0"]
[WhiteElo "2074"]
[BlackElo "2005"]
[Opening "Bishop's opening: Berlin defense"]
[ECO "C24"]
[Time "14:58:47"]
[TimeControl "2700+45"]

1. e4 e5 2. Bc4 Nf6 3. d3 Nc6 4. Nc3 Bc5 5. Be3 Bxe3 6. fxe3 Na5 7. Bb3 Nxb3 8.
axb3 O-O 9. Nf3 d6 10. O-O c6 11. d4 Qe7 12. Qd3 Re8 13. Nd2 Bg4 14. Rf2 Bh5 15.
d5 Bg6 16. Nf3 Nxe4 17. Nxe4 f5 18. dxc6 fxe4 19. Qd5+ Bf7 20. Qxe4 d5 21. Qa4
b6 22. b4 b5 23. Qxb5 Rab8 24. Qa5 Rxb4 25. Ng5 Bg6 26. Qxd5+ Kh8 27. Nf7+ Bxf7
28. Rxf7 Qg5 29. Qc5 Rbb8 30. Raf1 h5 31. c7 Rbc8 32. Rf8+ Rxf8 33. Rxf8+ Rxf8
34. Qxf8+ Kh7 35. c8=Q Qxe3+ 36. Qf2 Qc1+ 37. Qf1 Qe3+ 38. Kh1 {Black resigns}
1-0

[Event "Team 45 45 League T37"]
[Site "Internet Chess Club"]
[Date "2008.05.17"]
[Round "4"]
[White "palito"]
[Black "LeSacAttack"]
[Result "0-1"]
[WhiteElo "2122"]
[BlackElo "2267"]
[Opening "English opening"]
[ECO "A20"]
[Time "06:05:12"]
[TimeControl "2700+45"]

1. c4 e5 2. g3 h5 3. h4 Nc6 4. Bg2 Nf6 5. Nc3 Bc5 6. e3 d6 7. Nge2 Bg4 8. f3 Bf5
9. d4 exd4 10. exd4 Bb6 11. Bg5 Qd7 12. a3 O-O-O 13. Nd5 Rde8 14. Nxb6+ axb6 15.
Qd2 Na5 16. Qc3 Qa4 17. b4 Qb3 18. Rc1 Bd3 19. Bf1 Qxc4 20. bxa5 Bxe2 21. Bh3+
Kb8 22. Qxc4 Bxc4+ 23. Kd2 b5 24. Rhe1 Nd5 25. Bd7 Rxe1 26. Rxe1 f6 27. Be3 Nxe3
28. Rxe3 Ka7 29. Kc3 Ka6 30. Kb4 Rd8 31. Be8 c5+ 32. dxc5 dxc5+ 33. Kc3 Kxa5 34.
Bxh5 Rd4 35. Bg6 Bd5 36. f4 b4+ 37. axb4+ Rxb4 38. Bc2 Rd4 39. Re7 b5 40. Rxg7
b4+ 41. Kb2 b3 42. Bf5 Kb4 43. h5 c4 44. h6 c3+ 45. Kc1 Bf3 46. Rd7 b2+ 47. Kc2
Be4+ 48. Bxe4 Rxd7 49. h7 Rd2+ 50. Kb1 Rd1+ {White resigns} 0-1

[Event "Team 45 45 League T37"]
[Site "Internet Chess Club"]
[Date "2008.05.18"]
[Round "4"]
[White "therealwizard"]
[Black "kolibandi"]
[Result "1/2-1/2"]
[WhiteElo "2155"]
[BlackElo "2049"]
[Opening "QGD Slav: 4.Nc3"]
[ECO "D15"]
[Time "14:01:21"]
[TimeControl "2700+45"]

1. d4 d5 2. Nf3 Nf6 3. c4 c6 4. Nc3 a6 5. e3 Bf5 6. Bd3 Bxd3 7. Qxd3 e6 8. O-O
Be7 9. e4 O-O 10. Rd1 dxe4 11. Nxe4 Nxe4 12. Qxe4 Nd7 13. Qe2 Nf6 14. Ne5 Nd7
15. b3 Nxe5 16. dxe5 Qc7 17. Bb2 Rad8 18. Qg4 Rxd1+ 19. Rxd1 Rd8 20. g3 Rxd1+
21. Qxd1 Qd8 22. Qxd8+ {Game drawn by mutual agreement} 1/2-1/2

[Event "Team 45 45 League T37"]
[Site "Internet Chess Club"]
[Date "2008.05.19"]
[Round "4"]
[White "chiiwen"]
[Black "Qui"]
[Result "1-0"]
[WhiteElo "2085"]
[BlackElo "1976"]
[Opening "Ruy Lopez: Archangelsk (counterthrust) variation"]
[ECO "C78"]
[Time "15:00:51"]
[TimeControl "2700+45"]

1. e4 e5 2. Nf3 Nc6 3. Bb5 a6 4. Ba4 Nf6 5. O-O b5 6. Bb3 Bb7 7. d3 Bc5 8. c3
Bb6 9. Bg5 h6 10. Bh4 Qe7 11. a4 O-O-O 12. axb5 axb5 13. Na3 g5 14. Bg3 Rdg8 15.
Kh1 h5 16. h4 Ng4 17. Bd5 Rg6 18. Nxb5 Nxf2+ 19. Bxf2 Bxf2 20. Rxf2 g4 21. Ne1
Qxh4+ 22. Kg1 Rhh6 23. Bxc6 dxc6 24. Na3 Qg3 25. Nc4 h4 26. Qe2 h3 27. Qe3 h2+
28. Kh1 Qh4 29. Nc2 g3 30. Rf3 f6 31. Raf1 Kd8 32. Na5 Bc8 33. Nxc6+ Ke8 34. Qc5
Rh7 35. Ne3 Qh5 36. Nb4 Bh3 37. Nbd5 Rf7 38. Qc6+ Kd8 39. Qa8+ Kd7 40. Qb7 Kd8
41. Qb8+ Bc8 42. c4 {Black resigns} 1-0

[Event "Team 45 45 League T37"]
[Site "Internet Chess Club"]
[Date "2008.05.16"]
[Round "4"]
[White "Kolibri"]
[Black "JustinSane"]
[Result "0-1"]
[WhiteElo "2011"]
[BlackElo "2131"]
[Opening "French: Winawer, advance, positional main line"]
[ECO "C19"]
[Time "14:59:57"]
[TimeControl "2700+45"]

1. e4 e6 2. d4 d5 3. Nc3 Bb4 4. e5 c5 5. a3 Bxc3+ 6. bxc3 Ne7 7. Nf3 Nbc6 8. a4
f6 9. exf6 gxf6 10. Bd3 Ng6 11. Nh4 Nce7 12. Qh5 f5 13. Bb5+ Kf7 14. Bg5 Qg8 15.
Nf3 h6 16. Bxh6 Qg7 17. Ne5+ Kg8 18. Bxg7 Rxh5 19. Bf6 Nxe5 20. Bxe5 cxd4 21.
cxd4 a6 22. Be2 Rh7 23. c4 dxc4 24. Bxc4 Nc6 25. O-O Nxe5 26. dxe5 Rc7 27. Rfc1
Rc6 28. Be2 Bd7 29. Bf3 Rxc1+ 30. Rxc1 Bxa4 31. Bxb7 Ra7 32. Bc8 Bb3 33. Rb1 Bd5
34. Ra1 a5 35. f3 a4 36. Ra3 Kf7 37. h4 Ke7 38. g4 fxg4 39. fxg4 Kd8 40. Bxe6
Bxe6 41. g5 Bb3 42. Kf2 Re7 43. Ke3 Rxe5+ 44. Kd4 Re1 45. Kc3 Ke7 46. Kb2 Rh1
47. Ra1 Rxh4 48. Rg1 Kf7 49. Ka1 Kg6 50. Kb2 Rf4 51. Ka1 Be6 52. Kb2 Bg4 53. Re1
Kxg5 54. Re5+ Kf6 55. Re1 Be6 56. Ka3 Ke7 57. Kb2 Kd6 58. Rd1+ Kc5 59. Re1 Rf2+
60. Ka1 Bc4 61. Kb1 Kb4 62. Rd1 Kc3 63. Rc1+ Kb3 64. Re1 Bd3+ 65. Kc1 Rc2+ 66.
Kd1 Kb2 67. Re7 Bc4 68. Re3 Bb3 {White resigns} 0-1

[Event "Team 45 45 League T37"]
[Site "Internet Chess Club"]
[Date "2008.05.17"]
[Round "4"]
[White "nardz"]
[Black "baumhauer"]
[Result "1-0"]
[WhiteElo "2169"]
[BlackElo "1998"]
[Opening "Nimzo-Indian: classical variation"]
[ECO "E32"]
[Time "03:03:52"]
[TimeControl "2700+45"]

1. d4 Nf6 2. c4 e6 3. Nc3 Bb4 4. Qc2 O-O 5. a3 Bxc3+ 6. Qxc3 b6 7. Bg5 Bb7 8. f3
d5 9. e3 Nbd7 10. cxd5 exd5 11. Bd3 h6 12. Bh4 Qe7 13. Ne2 c5 14. Bf5 g5 15. Bf2
Ba6 16. Bd3 Bxd3 17. Qxd3 c4 18. Qc2 Ne8 19. Ng3 Nd6 20. h4 f5 21. hxg5 hxg5 22.
Rh6 Rf6 23. Rh5 Rf7 24. O-O-O Rh7 25. Nxf5 Nxf5 26. Qxf5 Rxh5 27. Qxd5+ Kg7 28.
Qxa8 c3 29. Qe4 cxb2+ 30. Kxb2 Qxe4 31. fxe4 Rh2 32. Rg1 Nf6 33. Bg3 Rh8 34. Be5
Kg6 35. Rf1 Rf8 36. Rxf6+ Rxf6 37. Bxf6 Kxf6 38. d5 Ke5 39. Kc3 a6 40. a4 g4 41.
g3 Kd6 42. Kd4 Kd7 43. e5 Ke7 44. e6 Kd8 45. d6 Ke8 46. Kd5 Kd8 47. Kc6 {Black
resigns} 1-0

[Event "Team 45 45 League T37"]
[Site "Internet Chess Club"]
[Date "2008.05.17"]
[Round "4"]
[White "Monsoon-Smith"]
[Black "NFork"]
[Result "1/2-1/2"]
[WhiteElo "2096"]
[BlackElo "2213"]
[Opening "Queen's pawn"]
[ECO "A40"]
[Time "11:19:30"]
[TimeControl "2700+45"]

1. d4 e6 2. Nf3 f5 3. g3 Nf6 4. Bg2 d5 5. O-O Bd6 6. c4 c6 7. cxd5 cxd5 8. Nc3
a6 9. a3 Nbd7 10. b4 O-O 11. Qb3 b5 12. Bg5 Bb7 13. a4 Qb6 14. axb5 axb5 15. Ra5
Bc6 16. Bxf6 Nxf6 17. Rfa1 Ne4 18. e3 h6 19. Bf1 Nxc3 20. Qxc3 Kh7 21. Ne5 Bxe5
22. dxe5 Rfb8 23. h4 g5 24. hxg5 hxg5 25. Qd4 Qxd4 26. exd4 Rxa5 27. Rxa5 Rb6
28. Bd3 g4 29. f3 Kh6 30. fxg4 fxg4 31. Ra7 Bb7 32. Kf2 Kh5 33. Ke3 Kg5 34. Bb1
Bc8 35. Rg7+ Kh6 36. Rg6+ Kh5 37. Kf4 Rb7 38. Rg5+ Kh6 39. Kxg4 Rg7 40. Rxg7
Kxg7 41. Kg5 Bd7 42. Bg6 Bc6 43. g4 Bd7 44. Bh5 Bc6 {Game drawn by mutual
agreement} 1/2-1/2

[Event "Team 45 45 League T37"]
[Site "Internet Chess Club"]
[Date "2008.05.18"]
[Round "4"]
[White "eurander"]
[Black "Holzschlange"]
[Result "1/2-1/2"]
[WhiteElo "2150"]
[BlackElo "1904"]
[Opening "Trompowsky attack (Ruth, Opocenský opening)"]
[ECO "A45"]
[Time "10:00:45"]
[TimeControl "2700+45"]

1. d4 Nf6 2. Bg5 e6 3. e4 h6 4. Bxf6 Qxf6 5. Nc3 d6 6. Qd2 a6 7. f4 Nd7 8. Nf3
b5 9. e5 Qd8 10. Bd3 Bb7 11. O-O c5 12. f5 cxd4 13. Nxd4 Qb6 14. Qf2 dxe5 15.
fxe6 Nf6 16. exf7+ Kxf7 17. Nb3 Qxf2+ 18. Rxf2 Be7 19. Re1 b4 20. Ne4 Rhc8 21.
Ned2 Kg8 22. Rfe2 a5 23. Rxe5 Bd6 24. Re6 Bf8 25. Kh1 a4 26. Nd4 Bd5 27. Ra6 Bc5
28. Nf5 Re8 29. Rxa8 Bxa8 30. Rxe8+ Nxe8 31. Bb5 Nf6 32. Bxa4 Ng4 33. Nb3 Bb6
34. h3 Nf2+ 35. Kh2 Nd1 36. Ne7+ Kf8 37. Bc6 Kxe7 38. Bxa8 Nxb2 39. Nd2 Nd1 40.
Nc4 Bc7+ 41. Kg1 Nc3 42. a3 bxa3 43. Nxa3 Bg3 44. Bf3 Ke6 45. Nc4 Ke7 46. Nd2
Kf6 47. Nf1 Be1 48. g3 Ke5 49. Kg2 Kd4 50. Nh2 Nb5 51. Nf1 Na3 52. Bd1 Nc4 53.
Kf3 Nd2+ 54. Nxd2 Bxd2 55. Be2 Bc3 56. Kf4 Bd2+ 57. Kf5 Kc3 58. Bd3 Bg5 59. Kg6
Bf6 60. Bf5 Kc4 61. Be6+ Kc3 62. Bb3 Kb4 63. Kf5 Kc3 64. Ke4 Bd4 65. h4 Bf6 66.
Kf5 Kb4 67. Bd5 Kc3 68. Be4 Kc4 69. Kg6 Kd4 70. Bd3 Kc3 71. Kh5 Kd4 72. g4 Kc3
73. g5 hxg5 74. hxg5 Bd4 75. Kg6 Kb4 76. c4 Kc5 77. Kf5 Bc3 78. Ke6 {Game drawn
by mutual agreement} 1/2-1/2

[Event "Team 45 45 League T37"]
[Site "Internet Chess Club"]
[Date "2008.05.18"]
[Round "4"]
[White "cityprosecutor"]
[Black "Stav"]
[Result "1-0"]
[WhiteElo "1771"]
[BlackElo "1754"]
[Opening "Sicilian defense"]
[ECO "B20"]
[Time "16:04:20"]
[TimeControl "2700+45"]

1. e4 c5 2. d3 Nc6 3. g3 g6 4. Bg2 Bg7 5. Nf3 e6 6. O-O Nge7 7. Nbd2 O-O 8. Re1
d5 9. h4 d4 10. Nf1 e5 11. N3h2 f5 12. f4 Be6 13. h5 Qd7 14. hxg6 hxg6 15. Nf3
Bf6 16. fxe5 Nxe5 17. Nxe5 Bxe5 18. exf5 Rxf5 19. g4 Rxf1+ 20. Rxf1 Bxg4 21. Qe1
Qd6 22. Qh4 Bh5 23. Bf4 Nf5 24. Bxe5 Qxe5 25. Rae1 Qc7 26. Rxf5 gxf5 27. Qxh5
Qd7 28. Qg5+ Kf8 29. Qf6+ Qf7 30. Qxf7+ Kxf7 31. Kf2 Rb8 32. Re5 b6 33. Rxf5+
Ke6 34. Bh3 Kd6 35. Rf7 a5 36. a4 b5 37. axb5 Rxb5 38. b3 Rb4 39. Ra7 Rb8 40.
Rxa5 Rf8+ 41. Ke2 Re8+ 42. Kd2 Rh8 43. Bg4 Rh2+ 44. Be2 Kc6 45. Ra6+ Kb5 46. Re6
Kb4 47. Re5 Kb5 48. Rh5 Rg2 49. Rf5 Rh2 50. Re5 Kb4 51. Kc1 Rh1+ 52. Bd1 Rg1 53.
Rf5 Rh1 54. Re5 Rg1 55. Kd2 Kb5 56. Re8 Kb6 57. b4 cxb4 58. Rc8 Rg2+ 59. Be2 Rh2
60. Rc4 Rh4 61. Rxb4+ Kc5 62. Rc4+ Kb5 63. c3 dxc3+ 64. Kxc3 Rh2 65. Re4 Kc5 66.
d4+ Kd6 67. Bc4 Rh3+ 68. Kb4 Rh2 69. Re6+ Kc7 70. Kc5 Rc2 71. d5 Rc1 72. Re7+
Kd8 73. Ra7 Rc2 74. Rh7 Rc1 75. Kd6 Kc8 76. Bb5 Rd1 77. Bc6 Kb8 78. Kd7 Rd2 79.
Rh8+ Ka7 80. Kc7 {Black resigns} 1-0

[Event "Team 45 45 League T37"]
[Site "Internet Chess Club"]
[Date "2008.05.18"]
[Round "4"]
[White "burnsja2003"]
[Black "mickeys"]
[Result "0-1"]
[WhiteElo "1654"]
[BlackElo "1811"]
[Opening "QGD"]
[ECO "E00"]
[Time "18:06:29"]
[TimeControl "2700+45"]

1. d4 Nf6 2. c4 e6 3. Bg5 d5 4. Nf3 c6 5. Bxf6 Qxf6 6. e3 Nd7 7. Bd3 dxc4 8.
Bxc4 Nb6 9. Bb3 Bd6 10. Nc3 Nd5 11. O-O Qe7 12. Ne4 Bc7 13. a3 O-O 14. Bc2 e5
15. Qd3 f5 16. Nxe5 fxe4 17. Qc4 Bxe5 18. dxe5 Qxe5 19. Bxe4 Be6 20. Qc2 Nf6 21.
Bf3 Bd5 22. Bxd5+ Nxd5 23. Rad1 Rae8 24. Kh1 Nf6 25. h3 Re7 26. Rd4 Ne4 27. Kg1
c5 28. Rdd1 Ref7 29. f4 Qe7 30. Rf3 b6 31. Rd5 Rf5 32. Rd1 Qe6 33. g4 Rd5 34. f5
Rxd1+ 35. Qxd1 Qd6 36. Qc2 Ng5 37. Rf1 Nxh3+ 38. Kg2 Ng5 39. Rf4 Rd8 40. b4 cxb4
41. Rd4 Qe7 42. Rxd8+ Qxd8 43. axb4 Qd5+ 44. Kg3 Qf3+ 45. Kh4 Qh3+ 46. Kxg5 Qh6#
{White checkmated} 0-1

[Event "Team 45 45 League T37"]
[Site "Internet Chess Club"]
[Date "2008.05.19"]
[Round "4"]
[White "ChessChamp"]
[Black "Just-Jim"]
[Result "1-0"]
[WhiteElo "1551"]
[BlackElo "1297"]
[Opening "Scandinavian (center counter) defense"]
[ECO "B01"]
[Time "19:32:53"]
[TimeControl "2700+45"]

1. e4 d5 2. exd5 Qxd5 3. Nc3 Qd8 4. Nf3 Nf6 5. Bc4 e6 6. d3 Bb4 7. Bd2 a6 8. O-O
h6 9. Re1 Qd6 10. a3 Bc5 11. Be3 Ng4 12. Ne4 Qc6 13. Bxc5 f5 14. Nd4 Qa4 15. b3
Qa5 16. b4 Qa4 17. b5 Bd7 18. Nc3 Qa5 19. Nb3 Qxc3 20. Bd4 Qxe1+ 21. Qxe1 Kf7
22. Nc5 axb5 23. Bxe6+ Kg6 24. Nxd7 Nc6 25. Ne5+ Ngxe5 26. Bxe5 Nxe5 27. Qxe5
Rhf8 28. Re1 Rf6 29. Re3 Raf8 30. Rg3+ Kh7 31. Bxf5+ Kh8 32. h3 g5 33. Rf3 c6
34. Be4 Kg7 35. Rxf6 Rf7 36. Rg6+ {Black resigns} 1-0

[Event "Team 45 45 League T37"]
[Site "Internet Chess Club"]
[Date "2008.05.18"]
[Round "4"]
[White "mal57"]
[Black "theartist"]
[Result "1-0"]
[WhiteElo "1392"]
[BlackElo "1169"]
[Opening "Sicilian"]
[ECO "B50"]
[Time "10:01:54"]
[TimeControl "2700+45"]

1. e4 c5 2. Nf3 d6 3. Be2 Nc6 4. d4 cxd4 5. Nxd4 Nf6 6. Nxc6 bxc6 7. e5 dxe5 8.
Qxd8+ Kxd8 9. O-O Bb7 10. Rd1+ Kc7 11. Nc3 Rd8 12. Be3 Rxd1+ 13. Rxd1 a5 14. Na4
e6 15. Bb6+ Kb8 16. Rd8+ Bc8 17. Ba6 {Black resigns} 1-0

[Event "Team 45 45 League T37"]
[Site "Internet Chess Club"]
[Date "2008.05.17"]
[Round "4"]
[White "SugarIslander"]
[Black "SATELLITE-DAN"]
[Result "0-1"]
[WhiteElo "1655"]
[BlackElo "1626"]
[Opening "Giuoco Piano"]
[ECO "C54"]
[Time "11:58:53"]
[TimeControl "2700+45"]

1. e4 e5 2. Nf3 Nc6 3. Bc4 Bc5 4. c3 Nf6 5. d4 exd4 6. cxd4 Bb4+ 7. Bd2 O-O 8.
Bxb4 Nxb4 9. Qb3 d5 10. Qxb4 dxc4 11. e5 Nd5 12. Qxc4 Be6 13. Qc2 f6 14. O-O
fxe5 15. dxe5 Rxf3 16. Rd1 Qg5 17. Nc3 Nf4 18. g3 Nh3+ 19. Kh1 Nxf2+ 20. Kg1
Rxg3+ 21. hxg3 Qxg3+ 22. Kf1 Bh3+ 23. Ke2 Bg4+ 24. Kf1 Rf8 25. Rd8 Bh3+ 26. Ke2
Qf3+ 27. Ke1 Qh1+ 28. Ke2 Bg4+ 29. Ke3 Qf3+ 30. Kd4 Rxd8+ 31. Kc4 Qc6+ 32. Kb4
Rd4+ 33. Ka3 Qc5+ 34. b4 Qxb4# {White checkmated} 0-1

[Event "Team 45 45 League T37"]
[Site "Internet Chess Club"]
[Date "2008.05.25"]
[Round "4"]
[White "vampi"]
[Black "sra66"]
[Result "1-0"]
[WhiteElo "1543"]
[BlackElo "1539"]
[Opening "Sicilian: O'Kelly variation"]
[ECO "B28"]
[Time "16:03:21"]
[TimeControl "2700+45"]

1. e4 c5 2. Nf3 a6 3. d4 cxd4 4. Nxd4 Nf6 5. Nc3 e5 6. Nb3 Nc6 7. Bg5 Be7 8. f3
O-O 9. Qd2 d6 10. O-O-O Be6 11. Bxf6 Bxf6 12. Qxd6 Bg5+ 13. Kb1 Qb6 14. Qc5 Qc7
15. Nd5 Bxd5 16. exd5 Rfd8 17. Be2 b6 18. Qxc6 Qa7 19. d6 Rd7 20. Qe4 Bf6 21.
Bd3 g6 22. h4 Bg7 23. h5 Rxd6 24. hxg6 fxg6 25. Bc4+ Kh8 26. Rxd6 b5 27. Be6 Rf8
28. Rhd1 Rf4 29. Rd8+ Rf8 30. Rxf8+ Bxf8 31. Qxe5+ {Black resigns} 1-0

[Event "Team 45 45 League T37"]
[Site "Internet Chess Club"]
[Date "2008.05.18"]
[Round "4"]
[White "AtomicDog"]
[Black "ZiggyStardust"]
[Result "0-1"]
[WhiteElo "1305"]
[BlackElo "1588"]
[Opening "Ruy Lopez: Berlin defense, Beverwijk variation"]
[ECO "C65"]
[Time "10:01:22"]
[TimeControl "2700+45"]

1. e4 e5 2. Nf3 Nc6 3. Bb5 Nf6 4. O-O Bc5 5. Re1 d6 6. c3 Bg4 7. h3 Bh5 8. d4
exd4 9. cxd4 Bxf3 10. Qxf3 Bxd4 11. Bxc6+ bxc6 12. e5 dxe5 13. Qxc6+ Nd7 14. Bg5
Qc8 15. Nc3 Bxc3 16. Qxc3 O-O 17. Qg3 Kh8 18. Rad1 f6 19. Bd2 Re8 20. Ba5 Nb6
21. Rc1 Qd7 22. Re2 Rac8 23. Rec2 Re7 24. f4 Qd4+ 25. Qf2 Qxf2+ 26. Rxf2 exf4
27. Rxf4 Rce8 28. Rf2 Re5 29. Rxc7 Rxa5 30. b4 Rb5 31. a3 a5 32. bxa5 Rxa5 33.
Rf3 Rea8 34. Rg3 R5a7 35. Rc6 Nd5 36. Rd3 Nf4 37. Rdc3 Ne2+ {White resigns} 0-1

[Event "Team 45 45 League T37"]
[Site "Internet Chess Club"]
[Date "2008.05.18"]
[Round "4"]
[White "RealChosenOne"]
[Black "archae13"]
[Result "1-0"]
[WhiteElo "1638"]
[BlackElo "1330"]
[Opening "Pirc: classical (two knights) system"]
[ECO "B08"]
[Time "12:34:13"]
[TimeControl "2700+45"]

1. e4 d6 2. d4 Nf6 3. Nc3 g6 4. Nf3 Bg7 5. Bc4 O-O 6. O-O Bg4 7. Be2 c6 8. Re1
Na6 9. a3 c5 10. d5 e6 11. h3 Bxf3 12. Bxf3 e5 13. Nb5 Qb6 14. c4 Nc7 15. Nc3
Qa5 16. Bd2 Qa6 17. Be2 b6 18. b4 Qb7 19. b5 a6 20. a4 axb5 21. axb5 Rxa1 22.
Qxa1 Ra8 23. Qb2 Qc8 24. Ra1 Rxa1+ 25. Qxa1 Nd7 26. Bg4 h5 27. Bxd7 Qxd7 28. Qa7
Qc8 29. Qxb6 Bf8 30. Qa7 Kg7 31. b6 Qa6 32. Qxc7 Qxc4 33. b7 Qd3 34. b8=Q Qxd2
35. Qb3 Qe1+ 36. Kh2 Qxf2 37. Qd1 Qf4+ 38. Kh1 g5 39. Qf3 Qc1+ 40. Kh2 g4 41.
Qcxf7+ Kh8 42. Q3f6+ Bg7 43. Q6xg7# {Black checkmated} 1-0

[Event "Team 45 45 League T37"]
[Site "Internet Chess Club"]
[Date "2008.05.22"]
[Round "4"]
[White "rubashov"]
[Black "sean98"]
[Result "0-1"]
[WhiteElo "1564"]
[BlackElo "1661"]
[Opening "Sicilian: Scheveningen (Paulsen), classical variation"]
[ECO "B84"]
[Time "16:37:30"]
[TimeControl "2700+45"]

1. e4 c5 2. Nf3 d6 3. d4 cxd4 4. Nxd4 Nf6 5. Nc3 a6 6. Be2 e6 7. Bg5 Be7 8. O-O
Qc7 9. Qd2 O-O 10. a3 b5 11. Rac1 Bb7 12. f3 Nc6 13. Nxc6 Bxc6 14. Kh1 Rac8 15.
Rfd1 Rfd8 16. Bf4 e5 17. Be3 Rd7 18. Bd3 d5 19. exd5 Nxd5 20. Nxd5 Rxd5 21. Qe2
Rcd8 22. Be4 Rxd1+ 23. Rxd1 Rxd1+ 24. Qxd1 Bxe4 25. fxe4 h6 26. h3 Qc4 27. Qd3
Qa2 28. Qc3 Qe6 29. Bc5 Bg5 30. Be3 Bh4 31. Kh2 Kh7 32. Bd2 Qd6 33. Qd3 Qc7 34.
Bc3 f6 35. Qf3 Bg5 36. Qf5+ Kh8 37. Qe6 Qa7 38. Qc8+ Kh7 39. Qf5+ g6 40. Qf3 Qd7
41. Qd3 Qc7 42. Bd2 f5 43. Bxg5 hxg5 44. exf5 e4+ 45. Qg3 Qxg3+ 46. Kxg3 gxf5
47. b3 Kg6 48. Kf2 Kf6 49. g3 Ke5 50. Ke3 f4+ 51. gxf4+ gxf4+ 52. Ke2 Kd4 53. h4
f3+ 54. Kf2 Ke5 55. Ke3 Kf5 56. c4 bxc4 57. bxc4 Kg4 58. c5 Kg3 59. c6 f2 60. c7
f1=Q 61. c8=Q Qf3+ 62. Kd4 Qd3+ 63. Ke5 Kxh4 64. Qh8+ Kg4 65. Qg7+ Kf3 66. Qf6+
Ke2 {White resigns} 0-1

[Event "Team 45 45 League T37"]
[Site "Internet Chess Club"]
[Date "2008.05.19"]
[Round "4"]
[White "gotcha"]
[Black "kingphisch"]
[Result "1-0"]
[WhiteElo "1444"]
[BlackElo "1394"]
[Opening "Queen's bishop game"]
[ECO "D02"]
[Time "19:55:41"]
[TimeControl "2700+45"]

1. d4 d5 2. Nf3 Nf6 3. Bf4 Nh5 4. Bg3 e6 5. e3 Nd7 6. Bb5 c6 7. Be2 Nxg3 8. hxg3
Bd6 9. Nbd2 Nf6 10. c4 b6 11. Qc2 Bb7 12. O-O c5 13. cxd5 Bxd5 14. Bb5+ Nd7 15.
e4 Bb7 16. Nc4 Be7 17. Nce5 Bc8 18. dxc5 bxc5 19. Rad1 O-O 20. Nxd7 Bxd7 21.
Rxd7 Qb6 22. Qc4 Bd8 23. Ba6 Qc6 24. Ne5 Qb6 25. Rb7 Qd6 26. Nd7 Re8 27. Nxc5
Rc8 28. Rc1 Bb6 29. b4 Qc6 30. Bb5 Qxb7 31. Bxe8 Bxc5 32. bxc5 Rxe8 33. c6 Qb6
34. c7 Rc8 35. Rd1 h6 36. Rd7 a5 37. e5 a4 38. Qd3 Rf8 39. Qd6 {Black resigns}
1-0